 Dungeon Crawl Stone Soup version 0.20-a0-823-gdec668e (webtiles) character file.

928 Amciq the Cudgeler (level 7, -4/71 HPs)
             Began as a Troll Berserker on Mar 5, 2017.
             Was a Priest of Trog.
             Slain by a killer bee (10 damage)
             ... on level 6 of the Dungeon.
             The game lasted 00:13:50 (5077 turns).

Amciq the Cudgeler (Troll Berserker)                Turns: 5077, Time: 00:13:51

Health: -4/71      AC:  7    Str: 28    XL:     7   Next: 85%
Magic:  6/6        EV: 11    Int:  3    God:    Trog [***...]
Gold:   423        SH:  0    Dex:  9    Spells: 6/6 levels left

rFire    + . .     SeeInvis +   n - +0 giant club
rCold    . . .     Gourm    +   b - +0 animal skin
rNeg     . . .     Faith    .   (shield currently unavailable)
rPois    +         Spirit   .   v - +1 hat
rElec    .         Reflect  .   B - +0 cloak
rCorr    .         Harm     +   (gloves unavailable)
MR       .....                  (boots unavailable)
Stlth    +.........             u - amulet of harm
Regen    0.7/turn               A - ring of protection from fire
MPRegen  0.1/turn               x - ring of see invisible

@: exhausted, very slightly contaminated, slowed, invisible, very slow
A: unfitting armour, claws 3, blurry vision 1, fast metabolism 3, gourmand,
poison resistance, regeneration 1, shaggy fur 1, tough skin 2, wild magic 1
a: Berserk, Trog's Hand, Burn Spellbooks, Renounce Religion


You were on level 6 of the Dungeon.
You worshipped Trog.
Trog was most pleased with you.
You were not hungry.

You visited 1 branch of the dungeon, and saw 6 of its levels.

You collected 423 gold pieces.

Inventory:

Hand Weapons
 n - a +0 giant club (weapon)
Armour
 b - a +0 animal skin (worn)
 v - a +1 hat (worn)
 B - a +0 cloak (worn)
Jewellery
 u - an amulet of harm (around neck)
 x - a ring of see invisible (left claw)
 A - a ring of protection from fire (right claw)
Wands
 s - a wand of acid (5/15)
 t - a wand of flame (26/48)
Scrolls
 d - 6 scrolls of remove curse
 e - a scroll of amnesia
 g - 2 scrolls of identify
 i - 3 scrolls of fog
 k - 3 scrolls of teleportation {unknown}
 o - 2 scrolls of blinking
 p - a scroll of recharging
 y - a scroll of immolation {unknown}
 C - a scroll of enchant armour {unknown}
Potions
 a - a potion of haste {unknown}
 f - 2 potions of flight
 j - a potion of heal wounds
 m - 2 potions of resistance
 r - a potion of curing
 w - a potion of lignification {unknown}
Comestibles
 c - 6 bread rations
 h - 3 royal jellies
 z - 2 fruits


   Skills:
 + Level 4.3 Fighting
 + Level 4.8 Maces & Flails
 + Level 3.5 Armour
 + Level 4.5 Dodging


You had 6 spell levels left.
You didn't know any spells.

Dungeon Overview and Level Annotations

Branches:
Dungeon (6/15)             Temple (0/1) D:5

Altars:
Dithmenos
Elyvilon
Kikubaaqudgha
Okawaru
Ru
Trog
Wu Jian
Yredelemnul

Shops:
D:4 :


Innate Abilities, Weirdness & Mutations

You are too large for most types of armour.
You have claws for hands.
Your metabolism is lightning-fast.
You like to eat raw meat.
Your natural rate of healing is unusually fast.
You are covered in fur. (AC +1)
You have very tough skin. (AC +2)
Scrolls take you a little longer to read.
Your system is resistant to poisons. (rPois)
Your spells are a little harder to cast, but a little more powerful.


Message History

* * * LOW HITPOINT WARNING * * *
The killer bee closely misses you. x2; The killer bee stings you.
* * * LOW HITPOINT WARNING * * *
You fade into invisibility!
Your skin stops crawling.
You feel less resistant to hostile enchantments.
You feel sick. The killer bee barely misses you.
The killer bee closely misses you. The killer bee stings you.
* * * LOW HITPOINT WARNING * * *
The killer bee stings you.
* * * LOW HITPOINT WARNING * * *
The killer bee stings you but does no damage.
The killer bee barely misses you. x3; The killer bee stings you.
* * * LOW HITPOINT WARNING * * *
You are very lightly contaminated with residual magic.
You feel better. The killer bee closely misses you.
The killer bee barely misses you. The killer bee stings you.
* * * LOW HITPOINT WARNING * * *
The killer bee closely misses you. The killer bee barely misses you.
The killer bee stings you!
You die...

##.## #.# #.## ##.
##...####### #.# #.# #.
#.#........# ##.###.##
##. ##.#.#####.#
##...##..#♣ ♣#.. ##.##
#.# #........## ##.# ###
#.# ##.y.##...### ###..#
#.#####yy##.....###...##
#.....yyy###........###
#######@## #######..#
#.# #.## #)# #.# #.# #.#
#######.# ######.#
#.....<.# #......#
###.#####.# #.####.#
#.......#.#####.####.#
#####
#.#.###...........##.#


You could see 6 killer bees.

Vanquished Creatures
  A water moccasin (D:3)
  A black bear (D:6)
  A sky beast (D:6)
  An ogre (D:4)
  A centaur (D:6)
  A crimson imp (D:5)
  An orc priest (D:6)
  2 hounds
  A bullfrog skeleton (D:6)
  2 iguanas
  2 orc wizards
  7 adders
  A shadow imp (D:6)
  3 oozes
  An adder zombie (D:6)
  8 worms
  4 dart slugs
  5 leopard geckos
  8 orcs
  9 bats
  4 giant cockroaches
  7 hobgoblins
  18 jackals
  10 kobolds
  A quokka (D:5)
  2 ball pythons
  6 goblins
  9 rats
117 creatures vanquished.

Notes
Turn   | Place    | Note
-------+----------+-------------------------------------------
     0 | D:1      | Amciq the Troll Berserker began the quest for the Orb.
     0 | D:1      | Reached XP level 1. HP: 22/22 MP: 0/0
   166 | D:1      | Reached XP level 2. HP: 29/29 MP: 1/1
   186 | D:1      | Reached skill level 1 in Armour
   419 | D:1      | Reached XP level 3. HP: 31/36 MP: 2/2
   578 | D:2      | Noticed a moth of wrath
   581 | D:2      | Found a bloodstained altar of Trog.
   605 | D:2      | Reached ** piety under Trog
   869 | D:2      | Found a shadowy altar of Dithmenos.
  1048 | D:2      | Reached XP level 4. HP: 37/44 MP: 3/3
  1272 | D:2      | Gained mutation: Scrolls take you a little longer to read. [potion of mutation]
  1272 | D:2      | Gained mutation: Your system is resistant to poisons. (rPois) [potion of mutation]
  1272 | D:2      | Gained mutation: Your spells are a little harder to cast, but a little more powerful. [potion of mutation]
  1839 | D:3      | Noticed a water moccasin
  1847 | D:3      | Killed a water moccasin
  1847 | D:3      | Reached XP level 5. HP: 39/53 MP: 4/4
  1997 | D:3      | Reached *** piety under Trog
  2018 | D:3      | Reached XP level 6. HP: 60/61 MP: 5/5
  2134 | D:3      | Found a sacrificial altar of Ru.
  2679 | D:4      | Found Xeaj's Book Shoppe.
  3275 | D:4      | Found an ancient bone altar of Kikubaaqudgha.
  3277 | D:4      | Found a basalt altar of Yredelemnul.
  3506 | D:5      | Entered Level 5 of the Dungeon
  3508 | D:5      | Found a white marble altar of Elyvilon.
  3555 | D:5      | Found an ornate altar of the Wu Jian Council.
  3673 | D:5      | Found a staircase to the Ecumenical Temple.
  4076 | D:5      | Found an iron altar of Okawaru.
  4211 | D:6      | Reached XP level 7. HP: 51/68 MP: 6/6
  5076 | D:6      | HP: 3/71 [killer bee (1)]
  5077 | D:6      | Slain by a killer bee

Vault maps used:
D:1:      lightli_arrival_flooded_house
D:2:      lemuel_round_altar, tgw_trog
D:3:      nicolae_ru_path_of_blood
D:4:      nicolae_overflow_hidden_temple, first_bread, serial_shops, shop
D:5:      lemuel_doored_altar, nicolae_overflow_crystal_walls,
          minmay_temple_entry_large_hall, basic_altar
D:6:      cheibrodos_iron_armory

Skill      XL: |  1  2  3  4  5  6  7 |
---------------+----------------------+-----
Armour         | 1 2 3 |  3.5
Maces & Flails | 3 4 |  4.8
Fighting       | 3 4 |  4.3
Dodging        | 3 4 |  4.5

Action                   |  1- 3 |  4- 6 |  7- 9 || total
-------------------------+-------+-------+-------++-------
Melee: Mace              |   122 |   218 |       ||   340
       Giant club        |       |    59 |    62 ||   121
Invok: Berserk           |     1 |     4 |     3 ||     8
       Burn Spellbooks   |       |     1 |     1 ||     2
       Trog's Hand       |       |     1 |     1 ||     2
  Use: Scroll            |       |    13 |       ||    13
       Potion            |       |     1 |     2 ||     3
 Stab: Sleeping          |     2 |     1 |       ||     3
  Eat: Chunk             |    16 |    31 |     3 ||    50
       Meat ration       |       |       |     1 ||     1
Armor: Animal skin       |    61 |   115 |    35 ||   211
Dodge: Dodged            |    89 |   199 |    75 ||   363
